 Dungeon Crawl Stone Soup version 0.24.0 (webtiles) character file.

Game seed: 7489253421413832200, levelgen mode: deterministic

749 Mrkan the Ruffian (level 7, -1/71 HPs)
             Began as a Troll Monk on Oct 25, 2019.
             Was a Priest of Okawaru.
             Succumbed to Duvessa's poison
             ... on level 4 of the Dungeon.
             The game lasted 00:06:30 (3217 turns).

Mrkan the Ruffian (Troll Monk)                      Turns: 3217, Time: 00:06:31

Health: -1/71      AC:  6    Str: 20    XL:     7   Next: 48%
Magic:  5/6        EV: 10    Int:  8    God:    Okawaru [***...]
Gold:   165        SH:  0    Dex: 12    Spells: 6/6 levels left

rFire    . . .     SeeInvis .     - Unarmed
rCold    . . .     Gourm    +   (no shield)
rNeg     . . .     Faith    .   a - +0 robe
rPois    .         Spirit   .   (helmet restricted)
rElec    .         Reflect  .   (no cloak)
rCorr    .         Harm     .   (gloves unavailable)
MR       .....                  (boots unavailable)
Stlth    ++........             (no amulet)
HPRegen  0.61/turn              (no ring)
MPRegen  0.10/turn              (no ring)

@: lethally poisoned (-1 -> -50)
A: large, unfitting armour, claws 3, fast metabolism 3, gourmand, regeneration
1, shaggy fur 1, tough skin 3
a: Heroism, Renounce Religion


You were on level 4 of the Dungeon.
You worshipped Okawaru.
Okawaru was most pleased with you.
You were very full.

You visited 1 branch of the dungeon, and saw 4 of its levels.
You also visited: Sewer.

You collected 165 gold pieces.

Inventory:

Missiles
 e - 97 stones (quivered)
Armour
 a - a +0 robe (worn)
Jewellery
 l - an uncursed ring of positive energy {unknown}
 q - an uncursed ring of fire {unknown}
Wands
 n - a wand of polymorph (5)
 r - a wand of flame (7)
 t - a wand of random effects (5)
Scrolls
 c - 6 scrolls of remove curse {unknown}
 f - 2 scrolls of amnesia {unknown}
 g - 5 scrolls of identify {unknown}
 j - a scroll of blinking {unknown}
 o - a scroll of teleportation {unknown}
 x - a scroll of immolation {unknown}
Potions
 d - 8 potions of curing {unknown}
 h - 2 potions of agility {unknown}
 i - 2 potions of heal wounds {unknown}
 k - a potion of magic {unknown}
 m - 3 potions of might {unknown}
 p - 2 potions of haste {unknown}
 s - a potion of flight {unknown}
 u - a potion of ambrosia {unknown}
 v - 3 potions of brilliance {unknown}
 w - a potion of lignification {unknown}
Comestibles
 b - 11 rations


   Skills:
 + Level 4.6 Fighting
 - Level 2.4 Dodging
 - Level 1.0 Stealth
 * Level 7.5 Unarmed Combat


You had 6 spell levels left.
You didn't know any spells.
Your spell library was empty.

Dungeon Overview and Level Annotations

Branches:
Dungeon (4/15)              Sewer (visited)
 Temple: D:4-7

Altars:
Ashenzari
Makhleb
Okawaru
Yredelemnul
The Shining One


Innate Abilities, Weirdness & Mutations

You are too large for most types of armour.
You have claws for hands.
Your metabolism is lightning-fast.
You like to eat raw meat.
Your natural rate of healing is unusually fast.
You are covered in fur. (AC +1)
You have extremely tough skin. (AC +3)


Message History

Duvessa barely misses you.
You closely miss Duvessa.
Duvessa is almost dead.
* * * LOW HITPOINT WARNING * * *
You feel very sick.
Duvessa hits you with a +3 rapier of venom.
* * * LOW HITPOINT WARNING * * *
You are more poisoned.
You closely miss Duvessa.
Duvessa is almost dead.
You feel like a meek peon again.
* * * LOW HITPOINT WARNING * * *
You feel very sick.
Duvessa hits you with a +3 rapier of venom.
* * * LOW HITPOINT WARNING * * *
You are more poisoned.
You barely miss Duvessa. You claw Duvessa!
You kill Duvessa!
Okawaru accepts your kill.
You die...

##.. . #... .. ..
#... ... ...#...##
#...
........#####....
#........#.....#
#..).........
#@......#
##.....#.. #.....#
.. #..#### .##
...###..#⌠.##+##.⌠#
#.................#
#....###.#.......#
#....#...#.......#
#.#. #...'..._...+


There were no monsters in sight!

Vanquished Creatures
  Duvessa (D:4)
  4 big kobolds (Sewer)
  Dowan (D:4)
  Ijyb (D:3)
  14 adders
  5 river rats (Sewer)
  2 oozes (D:3)
  4 worms
  2 dart slugs
  2 leopard geckos
  An orc (D:3)
  A giant cockroach (D:1)
  8 goblins
  7 hobgoblins
  4 jackals (D:3)
  23 kobolds
  4 ball pythons
  7 bats
  6 frilled lizards
  27 rats
124 creatures vanquished.

Vanquished Creatures (others)
  A kobold (D:1)
1 creature vanquished.

Grand Total: 125 creatures vanquished

Notes
Turn   | Place    | Note
-------+----------+-------------------------------------------
     0 | D:1      | Mrkan the Troll Monk began the quest for the Orb.
     0 | D:1      | Reached XP level 1. HP: 22/22 MP: 0/0
   149 | D:1      | Reached XP level 2. HP: 27/29 MP: 1/1
   726 | D:2      | Found a burning altar of Makhleb.
   732 | D:2      | Found a glowing golden altar of the Shining One.
   734 | D:2      | Found an iron altar of Okawaru.
   743 | D:2      | Became a worshipper of Warmaster Okawaru
   743 | D:2      | Reached * piety under Okawaru
   743 | D:2      | Reached ** piety under Okawaru
   767 | D:2      | Reached skill level 4 in Unarmed Combat
   767 | D:2      | Reached XP level 3. HP: 32/36 MP: 2/2
  1002 | D:2      | Found a basalt altar of Yredelemnul.
  1055 | D:2      | Found a faded altar of an unknown god.
  1284 | D:2      | Reached XP level 4. HP: 45/45 MP: 3/3
  1704 | D:3      | Reached skill level 5 in Unarmed Combat
  1829 | D:3      | Noticed Ijyb
  1840 | D:3      | Reached XP level 5. HP: 52/53 MP: 4/4
  1884 | D:3      | Killed Ijyb
  2350 | D:3      | Found a glowing drain.
  2364 | Sewer    | Entered a sewer
  2415 | Sewer    | Reached XP level 6. HP: 61/62 MP: 5/5
  2504 | Sewer    | Reached skill level 6 in Unarmed Combat
  2758 | Sewer    | Reached XP level 7. HP: 70/70 MP: 6/6
  2786 | Sewer    | Reached *** piety under Okawaru
  2786 | Sewer    | Reached skill level 7 in Unarmed Combat
  3182 | D:4      | Found a shattered altar of Ashenzari.
  3201 | D:4      | Noticed Dowan
  3202 | D:4      | Noticed Duvessa
  3207 | D:4      | Killed Dowan
  3216 | D:4      | HP: 2/71 [Duvessa/+3 rapier of venom (4)]
  3217 | D:4      | Killed Duvessa
  3217 | D:4      | Succumbed to Duvessa's poison

Levels and vault maps discovered:
D:1:      wander_arrival_fairy_ring, layout_basic
D:2:      wad_river_or_something, layout_basic, minitemple,
          lemuel_coloured_pillars_altar, first_ration,
          chequers_ecumenical_altar_twisty
D:3:      layout_basic, portal_sewer_entry_d, uniq_ijyb
D:4:      layout_layer_cave, kennysheep_slug_shrine, evilmike_ruin_ashenzari,
          uniq_duvessa
